 Dungeon Crawl Stone Soup version 0.17.1-2-g5865329 (webtiles) character file.

667 xeno23 the Charmwright (level 7, -13/45 (46) HPs)
             Began as a High Elf Skald on Jan 28, 2016.
             Mangled by an ogre
             ... wielding a +0 giant club
              (18 damage)
             ... on level 5 of the Dungeon.
             The game lasted 00:17:49 (3419 turns).

xeno23 the Charmwright (High Elf Skald)             Turns: 3419, Time: 00:17:50

HP:   -13/45 (46)   AC:  9    Str: 13    XL:     7   Next: 31%
MP:   7/13          EV: 12    Int: 15    God:
Gold: 135           SH:  0    Dex: 16    Spells: 6 memorised, 1 level left

rFire  . . .     SeeInvis .     k - +4 flail (crush)
rCold  . . .     Clarity  .     f - +0 ring mail
rNeg   . . .     SustAt   .     (no shield)
rPois  .         Gourm    .     y - +1 hat
rElec  .         Spirit   .     j - +2 cloak
rCorr  +         Warding  .     (no gloves)
rMut   .         Stasis   .     (no boots)
MR     .....                    s - amulet of resist corrosion
Stlth  +.........               (no ring)
                                (no ring)

@: lethally poisoned (-13 -> -14), not resistant to hostile enchantments, very
unstealthy
A: no striking features
a: no special abilities


You were on level 5 of the Dungeon.
You were not hungry.

You visited 1 branch of the dungeon, and saw 5 of its levels.

You collected 135 gold pieces.

Inventory:

Hand Weapons
 a - a +0 falchion
 k - a +4 flail of crushing (weapon)
 x - a +1 spear of venom
Missiles
 g - 183 stones (quivered)
 u - 16 poisoned needles
Armour
 f - a +0 ring mail (worn)
 j - a +2 cloak (worn)
 y - a +1 hat (worn)
 B - a +0 leather armour of poison resistance
Jewellery
 s - an amulet of resist corrosion (around neck)
Scrolls
 i - 2 scrolls of remove curse
 l - a scroll of fear {unknown}
 m - a scroll of noise {unknown}
 o - 3 scrolls of identify {unknown}
 r - a scroll of magic mapping
 E - a scroll of random uselessness {unknown}
Potions
 b - a potion of brilliance {unknown}
 e - 2 potions of haste
 p - a potion of might {unknown}
 w - 2 potions of agility {unknown}
 D - a potion of experience {unknown}
 F - a potion of poison {unknown}
Books
 c - a book of Battle

   Spells                             Type                      Level
   a - Infusion                       Charms                       1
   b - Shroud of Golubria             Charms/Translocation         2
   c - Song of Slaying                Charms                       2
   d - Spectral Weapon                Hexes/Charms                 3
   e - Regeneration                   Charms/Necromancy            3
 z - a book of Spatial Translocations

   Spells                             Type                      Level
   a - Apportation                    Translocation                1
   b - Blink                          Translocation                2
   c - Shroud of Golubria             Charms/Translocation         2
   d - Portal Projectile              Translocation                3
   e - Teleport Other                 Translocation                3
   f - Passage of Golubria            Translocation                4
 A - a book of Geomancy

   Spells                             Type                      Level
   a - Sandblast                      Earth                        1
   b - Stoneskin                      Transmutation/Earth          2
   c - Passwall                       Transmutation/Earth          3
   d - Stone Arrow                    Conjuration/Earth            3
   e - Petrify                        Transmutation/Earth          4
   f - Lee's Rapid Deconstruction     Earth                        5
Comestibles
 d - 4 bread rations
 h - 2 meat rations
 n - a slice of pizza
 q - 2 royal jellies
 t - 4 fruits
 v - a beef jerky
 C - 5 chunks of flesh


   Skills:
 + Level 3.1 Fighting
 * Level 5.1 Long Blades
 + Level 2.6 Armour
 + Level 3.3 Dodging
 + Level 3.9 Spellcasting
 + Level 1.1 Hexes
 * Level 5.4 Charms
 + Level 1.0 Necromancy


You had one spell level left.
You knew the following spells:

 Your Spells              Type           Power        Failure   Level  Hunger
a - Infusion              Chrm           ###...       6%          1    None
e - Regeneration          Chrm/Necr      ##........   34%         3    ###....
g - Blink                 Tloc           N/A          71%         2    ##.....
q - Spectral Weapon       Hex/Chrm       ##......     34%         3    ###....
s - Shroud of Golubria    Chrm/Tloc      ##........   21%         2    ##.....
v - Apportation           Tloc           #.........   45%         1    None


Dungeon Overview and Level Annotations

Branches:
Dungeon (5/15)
 Temple: D:4-7

Altars:
Cheibriados
Trog
Xom

Annotations:
D:4 Juudaz's ghost, amateur DsAK


Message History

You feel sick. The adder completely misses you.
The adder bites you but does no damage.
You take 1 damage.
You sock the adder!
You kill the adder!
You feel sick.
You hit the ogre.
The ogre is moderately wounded.
The ogre completely misses you.
You sock the ogre!
The ogre is severely wounded.
The ogre hits you with a giant club!!
You take 22 damage.
You hit the ogre.
The ogre is severely wounded.
You feel sick. The ogre hits you with a giant club!
* * * LOW HITPOINT WARNING * * *
You take 13 damage.
The ogre hits you with a giant club!!
You die...

#.....# #### #.###.# ...#
#.# #.# ##.###.###.#
......>....#
##.#.#.########
#.#.#........# #
#.#.#.######.######.####
#.#............@O.†....#
##.###.#......###########
##.# #.#.###..#### ##.#
#.#).......<#
.#.###.#####..####
.#...............
.#####.###########
..####'#### #.##......#


You could see an ogre.

Vanquished Creatures
  The ghost of FortyThree the Insei, an amateur OpMo of Kikubaaqudgha (D:5)
  A giant frog zombie (D:5)
  An orc priest (D:4)
  Ijyb (D:3)
  A hound (D:5)
  Natasha (thrice) (D:3)
  4 worker ants
  2 orc wizards (D:4)
  6 gnolls
  4 adders
  A shadow imp (D:5)
  3 worms (D:2)
  14 orcs
  A giant cockroach (D:4)
  5 goblins
  7 hobgoblins
  4 jackals (D:2)
  A quokka (D:2)
  5 bats
  2 giant geckos
  A giant gecko skeleton (D:4)
  A giant newt (D:2)
  3 kobolds (D:1)
  3 rats
75 creatures vanquished.

Vanquished Creatures (others)
  A spectral weapon (D:5)
1 creature vanquished.

Grand Total: 76 creatures vanquished

Notes
Turn   | Place    | Note
--------------------------------------------------------------
     0 | D:1      | xeno23 the High Elf Skald began the quest for the Orb.
     0 | D:1      | Reached XP level 1. HP: 14/14 MP: 4/4
    41 | D:1      | Reached skill level 1 in Armour
   392 | D:1      | Reached XP level 2. HP: 14/19 MP: 6/6
   641 | D:2      | Learned a level 2 spell: Shroud of Golubria
   728 | D:2      | Reached XP level 3. HP: 8/25 MP: 0/7
  1719 | D:2      | Reached skill level 4 in Charms
  1735 | D:2      | Reached XP level 4. HP: 8/30 MP: 1/9
  1869 | D:3      | Learned a level 3 spell: Spectral Weapon
  2035 | D:3      | Found a snail-covered altar of Cheibriados.
  2106 | D:3      | Noticed Ijyb
  2125 | D:3      | Killed Ijyb
  2270 | D:3      | Noticed Natasha
  2278 | D:3      | Killed Natasha
  2278 | D:3      | Reached XP level 5. HP: 31/35 MP: 10/10
  2356 | D:3      | Noticed Natasha
  2360 | D:3      | Killed Natasha
  2443 | D:3      | Noticed Natasha
  2450 | D:3      | Killed Natasha
  2467 | D:4      | Noticed Juudaz's ghost (amateur DsAK)
  2524 | D:4      | Learned a level 3 spell: Regeneration
  2545 | D:4      | Found a shimmering altar of Xom.
  2547 | D:4      | Found a shimmering altar of Xom.
  2896 | D:4      | Reached XP level 6. HP: 23/40 MP: 12/12
  3032 | D:5      | Entered Level 5 of the Dungeon
  3043 | D:5      | Reached skill level 5 in Charms
  3057 | D:5      | Learned a level 2 spell: Blink
  3059 | D:5      | Learned a level 1 spell: Apportation
  3217 | D:5      | Found a bloodstained altar of Trog.
  3352 | D:5      | Noticed FortyThree's ghost (amateur OpMo)
  3368 | D:5      | Killed FortyThree's ghost
  3368 | D:5      | Reached skill level 5 in Long Blades
  3368 | D:5      | Reached skill level 1 in Hexes
  3368 | D:5      | Reached skill level 1 in Necromancy
  3368 | D:5      | Reached XP level 7. HP: 35/45 MP: 0/13
  3419 | D:5      | Mangled by an ogre

Action                   |  1- 3 |  4- 6 |  7- 9 || total
-------------------------+-------+-------+-------++-------
Melee: Falchion          |   137 |    71 |       ||   208
       Spear             |       |   116 |       ||   116
       Flail             |       |     4 |    11 ||    15
Throw: Stone             |       |     1 |       ||     1
 Cast: Infusion          |     6 |     7 |       ||    13
       Shroud of Golubri |     4 |     8 |       ||    12
       Regeneration      |       |     1 |       ||     1
       Spectral Weapon   |       |     2 |       ||     2
  Use: Potion            |     2 |     1 |       ||     3
       Scroll            |       |     4 |       ||     4
  Eat: Chunk             |     3 |     6 |     1 ||    10
